 Dungeon Crawl Stone Soup version 0.26-a0-597-gb535b0901c (webtiles) character file.

Game seed: 6486848229098144578

394 Ashen the Gusty (level 6, -6/36 HPs)
             Began as a Tengu Air Elementalist on Sept 15, 2020.
             Killed by divine providence
             ... invoked by an orc priest
              (16 damage)
             ... on level 4 of the Dungeon.
             The game lasted 00:06:33 (4819 turns).

Ashen the Gusty (Tengu Air Elementalist)            Turns: 4819, Time: 00:06:33

Health: -6/36      AC:  5    Str:  8    XL:     6   Next: 82%
Magic:  11/11      EV: 16    Int: 17    God:
Gold:   215        SH:  0    Dex: 15    Spells: 10/11 levels left

rFire    . . .     SeeInvis +   h - +1 rapier
rCold    . . .     Faith    .   (no shield)
rNeg     . . .     Spirit   .   a - +0 robe
rPois    +         Reflect  .   (helmet restricted)
rElec    .         Harm     .   p - +2 cloak
rCorr    .                      (no gloves)
MR       .....                  (boots unavailable)
Stlth    ++........             (no amulet)
HPRegen  0.12/turn              i - ring of see invisible
MPRegen  0.12/turn              r - ring of poison resistance

@: flying quickly and evasively, quick
A: beak, talons 3, able to fly
a: Stop Flying


You were on level 4 of the Dungeon.
You visited 1 branch of the dungeon, and saw 4 of its levels.

You collected 215 gold pieces.

Inventory:

Hand Weapons
 h - a +1 rapier (weapon)
Armour
 a - a +0 robe (worn)
 p - a +2 cloak (worn)
Jewellery
 i - a ring of see invisible (left hand)
 r - a ring of poison resistance (right hand)
Wands
 b - a wand of random effects (13)
 j - a wand of paralysis (2)
Scrolls
 f - 2 scrolls of immolation
 k - 2 scrolls of remove curse
 l - a scroll of identify
 m - a scroll of enchant armour {unknown}
 o - a scroll of teleportation {unknown}
 t - a scroll of fear {unknown}
Potions
 c - a potion of haste
 d - a potion of might {unknown}
 e - a potion of brilliance {unknown}
 g - a potion of berserk rage {unknown}
 n - a potion of resistance {unknown}
 q - a potion of curing {unknown}
 s - a potion of flight {unknown}


   Skills:
 + Level 2.3 Fighting
 + Level 3.6 Dodging
 + Level 3.4 Stealth
 + Level 3.2 Spellcasting
 + Level 3.5 Conjurations
 + Level 5.5 Air Magic


You had 10 spell levels left.
You knew the following spells:

 Your Spells              Type           Power        Failure   Level
a - Shock                 Conj/Air       ###.         2%          1

Your spell library contained the following spells:

 Spells                   Type           Power        Failure   Level
 Swiftness                Air            ###.....     2%          2
 Static Discharge         Conj/Air       ###.....     8%          3
 Beastly Appendage        Tmut           #.....       17%         1
 Freeze                   Ice            #...         17%         1
 Airstrike                Air            ###.......   17%         4
 Wereblood                Tmut           #.......     26%         2
 Frozen Ramparts          Ice            #.....       45%         3
 Ozocubu's Armour         Ice            #.......     45%         3
 Spider Form              Tmut/Pois      #.........   45%         3
 Lightning Bolt           Conj/Air       ###.......   58%         5
 Hailstorm                Conj/Ice       #.......     63%         4
 Ice Form                 Ice/Tmut       #.......     86%         4
 Summon Ice Beast         Ice/Summ       #.......     86%         4
 Blade Hands              Tmut           #.........   99%         5


Dungeon Overview and Level Annotations

Branches:
Dungeon (4/15)
 Temple: D:4-7

Altars:
Elyvilon
Gozag
Makhleb
Sif Muna
Trog
Yredelemnul


Innate Abilities, Weirdness & Mutations

You have a beak for a mouth.
You have claws for feet.
You can fly continuously.


Message History

Found 15 gold pieces.
You hit the orc.
You kill the orc!
The orc shouts!
You hear a shout!
The orc wizard casts a spell at you. The magic dart hits you.
You see here a frilled lizard corpse.
The orc priest calls down the wrath of Beogh upon you.
Beogh smites you!
The orc priest invokes the aid of Beogh against you.
Beogh smites you!
* * * LOW HITPOINT WARNING * * *
Casting: Shock (safe; 2% risk of failure)
Confirm with . or Enter, or press ? or * to list all spells.
Okay, then.
The orc wizard mumbles some strange words.
The orc wizard blinks!
The orc priest calls down the wrath of Beogh upon you.
Beogh smites you!
You die...

#...........>.....
#
#####.####........
# #.# #.##...## #
#.# #.##...# #.#
#..##.##### #.#
##.........
#.#####..#.####. +
#.#..........[..
#......@#....?.
.#.###.######.. .
# #o# # . #.# #
#†# #.# #o#
#§.$.....
#..####..


You could see an orc priest and an orc wizard.

Vanquished Creatures
  2 hounds
  A bullfrog skeleton (D:4)
  An orc priest (D:4)
  A centaur skeleton (D:4)
  A worker ant (D:3)
  Natasha (thrice) (D:3)
  7 adders
  An ooze (D:3)
  2 worms
  3 dart slugs
  17 orcs
  3 giant cockroaches (D:1)
  6 hobgoblins
  5 kobolds
  A quokka (D:4)
  2 ball pythons
  6 bats
  4 frilled lizards
  7 rats
73 creatures vanquished.

Notes
Turn   | Place    | Note
-------+----------+-------------------------------------------
     0 | D:1      | Ashen the Tengu Air Elementalist began the quest for the
                  | Orb.
     0 | D:1      | Reached XP level 1. HP: 10/10 MP: 4/4
   217 | D:1      | Reached XP level 2. HP: 15/15 MP: 3/6
   793 | D:2      | Found a white marble altar of Elyvilon.
   970 | D:2      | Reached XP level 3. HP: 16/20 MP: 3/7
  1432 | D:2      | Found a faded altar of an unknown god.
  1521 | D:2      | Found a burning altar of Makhleb.
  1525 | D:2      | Reached skill level 1 in Fighting
  1525 | D:2      | Reached XP level 4. HP: 21/25 MP: 4/8
  1705 | D:3      | Found a basalt altar of Yredelemnul.
  1987 | D:3      | Gained mutation: You can fly continuously. [Tengu growth]
  1987 | D:3      | Reached XP level 5. HP: 29/29 MP: 5/9
  2521 | D:3      | Found a bloodstained altar of Trog.
  2760 | D:3      | Found an opulent altar of Gozag.
  2980 | D:3      | Noticed Natasha
  2986 | D:3      | Killed Natasha
  2986 | D:3      | Reached skill level 5 in Air Magic
  3133 | D:3      | Noticed Natasha
  3150 | D:3      | Killed Natasha
  3231 | D:3      | Found a basalt altar of Yredelemnul.
  3288 | D:3      | Found a bloodstained altar of Trog.
  3409 | D:3      | Noticed Natasha
  3415 | D:3      | Killed Natasha
  3415 | D:3      | Reached XP level 6. HP: 29/35 MP: 4/11
  3855 | D:3      | Found an opulent altar of Gozag.
  4560 | D:4      | Found a shimmering blue altar of Sif Muna.
  4819 | D:4      | Killed from afar by an orc priest

Illustrated notes

Levels and vault maps discovered:
D:1:      denvon_arrival_planthouse, layout_rooms, minivault_4,
          minmay_misc_feat_columns
D:2:      layout_loops_ring, makhleb_blood_cavern_becter, elyvilon_altar_4,
          chequers_ecumenical_altar_simple
D:3:      layout_basic, lightli_temple_of_fire, lemuel_round_altar,
          lemuel_crystal_altar, solitary_fountain, uniq_natasha
D:4:      layout_loops_ring, gammafunk_temple_overflow_wave,
          lemuel_blue_sif_altar

Skill      XL: |  1  2  3  4  5  6 |
---------------+-------------------+-----
Conjurations   | 2 3 |  3.5
Fighting       | 1 2 |  2.3
Dodging        | 3 |  3.6
Stealth        | 3 |  3.4
Air Magic      | 5 |  5.5
Spellcasting   | 3 |  3.2

Action                   |  1- 3 |  4- 6 || total
-------------------------+-------+-------++-------
Melee: Unarmed           |     8 |       ||     8
       Kick              |     2 |    10 ||    12
       Rapier            |    13 |    52 ||    65
       Peck              |       |     8 ||     8
 Cast: Shock             |    49 |    76 ||   125
 Abil: Fly               |       |     1 ||     1
  Use: Scroll            |       |     5 ||     5
 Stab: Sleeping          |     1 |     4 ||     5
       Distracted        |       |     1 ||     1
Armor: Robe              |     3 |    13 ||    16
Dodge: Dodged            |    22 |    47 ||    69

Table legend: (Time is in decaauts)
 A = Elapsed time spent in this place.
 B = Non-inter-level travel time spent in this place.
 C = Inter-level travel time spent in this place.
 D = Time resting spent in this place.
 E = Time spent auto-exploring this place.
 F = Levels seen in this place.
 G = Mean time per level.
                   A        B        C        D        E       F      G
               +--------+--------+--------+--------+--------+-----+--------+
         Total |   4653 |   4425 |    228 |    292 |   3608 |   4 | 1163.2 |
       Dungeon |   4653 |   4425 |    228 |    292 |   3608 |   4 | 1163.2 |
               +--------+--------+--------+--------+--------+-----+--------+

Top non-repeatable levels by time:
     D:3: 2274 daAuts
     D:2: 884 daAuts
     D:4: 758 daAuts
     D:1: 735 daAuts
